 Dungeon Crawl Stone Soup version 0.31-a0-845-g9abc20d24f (webtiles) character file.

Game seed: 3917098793968881257

23481 Kurtz the Severer (level 13, -5/90 HPs)
             Began as an Octopode Fighter on Oct 1, 2023.
             Was a High Priest of Okawaru.
             Slain by a catoblepas (23 damage)
             ... on level 2 of the Lair of Beasts.
             The game lasted 00:25:37 (17389 turns).

Kurtz the Severer (Octopode Fighter)               Turns: 17389, Time: 00:25:37

Health: -5/90      AC:  2    Str: 16    XL:     13   Next: 7%
Magic:  0/25       EV: 18    Int: 13    God:    Okawaru [*****.]
Gold:   832        SH:  8    Dex: 15    Spells: 9/12 levels left

rFire   . . .        z - +8 broad axe (heavy)
rCold   . . .        q - +1 buckler of Tartarus {rN+ Int+4}
rNeg    + . .        d - +1 hat
rPois   +            u - amulet of guardian spirit
rElec   .            f - ring of resist corrosion
rCorr   +            m - ring of willpower
SInv    +            k - ring of see invisible
Will    +....        x - ring of magical power
Stlth   +++++        A - +4 ring of slaying
HPRegen 0.35/turn    (no ring)
MPRegen 0.19/turn    (no ring)
                     (no ring)

%: guardian spirit
@: mighty, heroic, studying Ice Magic
A: almost no armour, amphibious, 8 rings, camouflage 1, gelatinous body 1,
(nimble swimmer 1), tentacles, dopey 1, poison resistance
a: Renounce Religion, Heroism, Finesse, Duel


You were on level 2 of the Lair of Beasts.
You worshipped Okawaru.
Okawaru was extremely pleased with you.
You visited 3 branches of the dungeon, and saw 15 of its levels.
You also visited: Sewer and Bailey.

You collected 2138 gold pieces.
You spent 1306 gold pieces at shops.

Inventory:

Hand Weapons
 b - the +5 war axe "Focais" {freeze, rElec rF- rC+++ rCorr}
   (You took it off an orc sorcerer in a bailey)

   rF-:       It makes you vulnerable to fire.
   rC+++:     It renders you almost immune to cold.
   rElec:     It insulates you from electricity.
   rCorr:     It protects you from acid and corrosion.
 z - a +8 heavy broad axe (weapon)
Missiles
 g - 11 boomerangs
 t - 10 silver javelins
 E - 13 poisoned darts (quivered)
Armour
 d - a +1 hat (worn)
 q - the +1 buckler of Tartarus (worn) {rN+ Int+4}
   (You acquired it in a bailey)

   Int+4:     It affects your intelligence (+4).
   rN+:       It protects you from negative energy.
Jewellery
 f - a ring of resist corrosion (left tentacle)
 k - a ring of see invisible (on tentacle)
 m - a ring of willpower (right tentacle)
 u - an amulet of guardian spirit (around mantle)
 x - a ring of magical power (on tentacle)
 A - a +4 ring of slaying (on tentacle)
 H - a ring of flight
 K - a ring of willpower
Talismans
 G - a beast talisman
Wands
 y - a wand of iceblast (5)
 L - a wand of digging (7)
Scrolls
 a - 2 scrolls of revelation
 e - 2 scrolls of teleportation
 h - 5 scrolls of fear
 i - 4 scrolls of enchant armour
 l - 2 scrolls of identify
 o - 2 scrolls of noise
 p - 3 scrolls of vulnerability
 v - a scroll of poison {unknown}
 B - a scroll of immolation {unknown}
 C - 2 scrolls of amnesia
 I - a scroll of blinking {unknown}
Potions
 c - 3 potions of might
 j - 2 potions of curing
 n - 2 potions of mutation
 r - 9 potions of brilliance
 s - 2 potions of invisibility {unknown}
 w - 2 potions of haste {unknown}
 D - a potion of lignification {unknown}
 F - 7 potions of ambrosia
 J - 4 potions of attraction {unknown}
 M - a potion of magic {unknown}


   Skills:
 * Level 9.1(14.1) Fighting
 * Level 17.7(22.7) Axes
 - Level 5.0(10.0) Dodging
 - Level 2.2(7.2) Stealth
 - Level 6.1(11.1) Shields
 - Level 4.6 Invocations
 - Level 2.3 Shapeshifting


You had 9 spell levels left.
You knew the following spells:

 Your Spells              Type           Power      Damage    Failure   Level
a - Ozocubu's Armour      Ice            0%         N/A       73%         3

Your spell library contained the following spells:

 Spells                   Type           Power      Damage    Failure   Level
 Necrotise                Necr           0%         1d4       36%         1
 Shock                    Conj/Air       0%         1d3       36%         1
 Cigotuvi's Dreadful Rot  Necr/Pois/Air  0%         N/A       50%         2
 Ensorcelled Hibernation  Hex/Ice        0%         N/A       50%         2
 Jinxbite                 Hex            0%         N/A       50%         2
 Passwall                 Tmut/Erth      0%         N/A       50%         2
 Frozen Ramparts          Ice            0%         1d1       73%         3
 Gell's Gravitas          Tloc           0%         N/A       73%         3
 Ignite Poison            Fire/Tmut/Pois 0%         N/A       73%         3
 Swiftness                Air            0%         N/A       73%         3
 Teleport Other           Tloc           0%         N/A       73%         3
 Vampiric Draining        Necr           0%         2d6       73%         3
 Airstrike                Air            0%         2d(0-16)  98%         4
 Anguish                  Hex/Necr       0%         N/A       98%         4
 Petrify                  Tmut/Erth      0%         N/A       98%         4
 Agony                    Necr           0%         N/A       100%        5
 Freezing Cloud           Conj/Ice/Air   0%         6-21      100%        5
 Metabolic Englaciation   Hex/Ice        0%         N/A       100%        5
 Dispersal                Tloc           0%         N/A       100%        6
 Simulacrum               Ice/Necr       Unusable   N/A       N/A         6

Dungeon Overview and Level Annotations

Branches:
Dungeon (12/15)            Temple (1/1) D:4            Lair (2/5) D:8
    Orc (0/2) D:9           Sewer (visited)          Bailey (visited)
  Swamp: Lair:2-3    Shoals: Lair:2-3     Snake: Lair:2-3    Spider: Lair:2-3

Altars:
Ashenzari
Cheibriados
Dithmenos
Elyvilon
Fedhas
Gozag
Hepliaklqana
Kikubaaqudgha
Makhleb
Nemelex Xobeh
Okawaru
Qazlal
Ru
Sif Muna
Trog
Uskayaw
Vehumet
Wu Jian
Xom
Yredelemnul
Zin
The Shining One

Shops:
D:2 :[=   D:8 :*:=   D:9 **

Annotations:
D:9 exclusion: upstairs
Lair:2 3 runed translucent doors, exclusions: elephant and hydra, Fodor's ghost, journeyman MiFi; Sovesh's ghost, journeyman OpCj


Innate Abilities, Weirdness & Mutations

You cannot wear most types of armour.
You are amphibious.
You can wear up to eight rings at the same time.
Your skin changes colour to match your surroundings (Stealth+).
Your rubbery body absorbs attacks. (AC +1, EV +1)
((You are camouflaged when in or above water. (Stealth+)))
You have tentacles for arms and can constrict up to eight enemies at once.
You are dopey. (Int -2)
Your system is resistant to poisons. (rPois)


Message History

A catoblepas is nearby!
A catoblepas is nearby!
No target in view!
Casting: Ozocubu's Armour (dangerous; 75% risk of failure)
Confirm with . or Enter, or press ? or * to list all spells.
Okay, then.
You gain the combat prowess of a mighty hero.
The catoblepas breathes a plume of calcifying dust at you.
The blast of calcifying dust hits you!
You feel very mighty all of a sudden.
The catoblepas breathes a plume of calcifying dust at you.
The blast of calcifying dust hits you.
You are engulfed in calcifying dust.
You are slowing down.
The catoblepas breathes a plume of calcifying dust at you.
The blast of calcifying dust hits you.
Your limbs are stiffening.
Unknown command.
Unknown command.
The catoblepas breathes a plume of calcifying dust at you.
The blast of calcifying dust hits you.
You have turned to stone.
You are engulfed in calcifying dust.
The catoblepas gores you!!
You are engulfed in calcifying dust.
The catoblepas gores you!
You are engulfed in calcifying dust.
The catoblepas breathes a plume of calcifying dust at you.
The blast of calcifying dust hits you!
You are engulfed in calcifying dust.
The catoblepas gores you. The catoblepas gores you! The catoblepas gores you!
The catoblepas gores you!! The catoblepas gores you!!
* * * LOW HITPOINT WARNING * * *
The catoblepas gores you!!
* * * LOW HITPOINT WARNING * * *
The catoblepas breathes a plume of calcifying dust at you.
The blast of calcifying dust hits you.
* * * LOW HITPOINT WARNING * * *
You turn to flesh and can move again.
Unknown command.
The catoblepas gores you!!
You die...

#..## ###..#... #...#
##....#... #.††##
#.#.......
###..#####........
#..##......#....
####.......).##....
##§.........#.#.....
##.§....<............
#..§@................
##.Y..##...###.##....
#...###...# ###P....
##...##...## ######
#...###...# #
##..#..#..##
#...###...#
#..#.##...#
#..###.#...#


You could see a catoblepas.

Vanquished Creatures
  An ugly thing (D:10)
  2 orc sorcerers (Bailey)
  A cyclops (D:11)
  2 elephants
  A manticore (D:10)
  2 black mambas (Lair:2)
  3 cane toads
  Joseph (D:7)
  6 komodo dragons
  A gargoyle (D:11)
  A kobold demonologist (D:10)
  2 rime drakes
  An efreet (D:10)
  A queen bee (D:11)
  A troll (D:10)
  2 polar bears
  2 hornets
  6 blink frogs
  4 wraiths
  28 yaks
  2 wyverns
  A vampire (D:9)
  4 basilisks
  2 steam dragons (D:8)
  7 water moccasins
  Duvessa (D:7)
  2 acid dragons
  11 orc warriors
  A sky beast (D:8)
  An ice beast (D:8)
  A black bear (D:5)
  7 centaurs
  2 ogres
  9 wolves (Lair:2)
  5 kobold brigands
  Blork the orc (D:6)
  10 bullfrogs
  3 scorpions
  A gnoll sergeant (D:7)
  3 wights (D:6)
  Dowan (D:7)
  27 killer bees
  5 electric eels (Bailey)
  4 jellies
  4 hounds
  3 gnoll boudas
  5 orc priests
  A sleepcap (D:7)
  5 iguanas
  6 orc wizards
  A hell rat (Sewer)
  14 gnolls
  7 adders
  2 river rats (Sewer)
  A shadow imp (D:7)
  4 white imps
  3 ufetubi
  A worm (D:3)
  4 dart slugs
  51 orcs
  6 bats
  19 endoplasms
  7 giant cockroaches
  16 goblins
  15 hobgoblins
  6 jackals
  5 quokkas
  7 ball pythons
  2 frilled lizards
  25 kobolds
  14 rats
413 creatures vanquished.

Notes
Turn   | Place    | Note
-------+----------+-------------------------------------------
     0 | D:1      | Kurtz the Octopode Fighter began the quest for the Orb.
     0 | D:1      | Reached XP level 1. HP: 16/16 MP: 1/1
   212 | D:1      | Reached XP level 2. HP: 21/21 MP: 2/2
   359 | D:1      | Reached skill level 3 in Axes
   700 | D:1      | Reached XP level 3. HP: 26/26 MP: 3/3
  1193 | D:2      | Found Fuxticai's Book Boutique.
  1203 | D:2      | Reached skill level 4 in Axes
  1254 | D:2      | Found Haogoboa's Armour Emporium.
  1291 | D:2      | Found Jaudunn's Jewellery Emporium.
  1609 | D:2      | Reached XP level 4. HP: 26/31 MP: 4/4
  1908 | D:3      | Found an ancient bone altar of Kikubaaqudgha.
  1964 | D:3      | Found a faded altar of an unknown god.
  2531 | D:4      | Found a staircase to the Ecumenical Temple.
  2542 | Temple   | Entered the Ecumenical Temple
  2557 | Temple   | Became a worshipper of Warmaster Okawaru
  2597 | D:4      | Reached skill level 5 in Axes
  2597 | D:4      | Reached XP level 5. HP: 35/36 MP: 5/5
  2708 | D:4      | Found a glowing drain.
  2713 | Sewer    | Entered a sewer
  3146 | D:4      | Reached skill level 6 in Axes
  3146 | D:4      | Reached XP level 6. HP: 24/42 MP: 2/6
  3240 | D:4      | Reached skill level 1 in Invocations
  3810 | D:5      | Entered Level 5 of the Dungeon
  4162 | D:4      | Reached XP level 7. HP: 33/46 MP: 8/8
  4225 | D:4      | Reached skill level 7 in Axes
  4490 | D:5      | Reached * piety under Okawaru
  4662 | D:5      | Reached skill level 8 in Axes
  4662 | D:5      | Reached XP level 8. HP: 52/54 MP: 9/9
  5420 | D:6      | Reached ** piety under Okawaru
  5478 | D:6      | Reached skill level 9 in Axes
  5932 | D:6      | Reached skill level 5 in Fighting
  5932 | D:6      | Reached XP level 9. HP: 36/59 MP: 11/11
  6300 | D:6      | Noticed Blork the orc
  6310 | D:6      | Killed Blork the orc
  6311 | D:6      | Reached skill level 10 in Axes
  6764 | D:7      | Noticed Joseph
  6779 | D:7      | Killed Joseph
  6779 | D:7      | Reached *** piety under Okawaru
  7208 | D:7      | Noticed Duvessa
  7208 | D:7      | Noticed Dowan
  7225 | D:7      | Killed Duvessa
  7241 | D:7      | Killed Dowan
  7480 | D:7      | Reached skill level 11 in Axes
  7540 | D:7      | Reached **** piety under Okawaru
  7759 | D:7      | Reached XP level 10. HP: 59/69 MP: 13/13
  7806 | D:7      | Reached skill level 5 in Shields
  7819 | D:7      | Noticed an unseen horror
  7879 | D:7      | Noticed a skeletal warrior
  8071 | D:8      | Found Ihacehiwk's General Store.
  8076 | D:8      | Bought a wand of light (5) for 273 gold pieces
  8076 | D:8      | Bought a scroll of enchant armour for 97 gold pieces
  8079 | D:8      | Noticed an elephant
  8214 | D:8      | Found a flagged portal.
  8225 | Bailey   | Entered a bailey
  8265 | Bailey   | Acquired a +3 broad axe of freezing
  8273 | Bailey   | Acquired the +1 buckler of Tartarus {rN+ Int+4}
  8286 | Bailey   | Acquired 1319 gold pieces
  8384 | Bailey   | Reached skill level 12 in Axes
  8849 | Bailey   | Identified the +5 war axe "Focais" {freeze, rElec rF- rC+++
                  | rCorr}
  8849 | Bailey   | Noticed an orc sorcerer
  8933 | Bailey   | Noticed an orc sorcerer
  8942 | Bailey   | Killed an orc sorcerer
  9003 | Bailey   | Found an iron altar of Okawaru.
  9054 | Bailey   | Killed an orc sorcerer
  9054 | Bailey   | Reached ***** piety under Okawaru
  9055 | Bailey   | Reached skill level 13 in Axes
  9397 | D:8      | Learned a level 3 spell: Ozocubu's Armour
  9409 | D:8      | Received a gift from Okawaru
  9410 | D:8      | Reached XP level 11. HP: 38/75 MP: 7/14
  9533 | D:8      | Found Jesottao's Book Boutique.
  9608 | D:8      | Reached skill level 14 in Axes
  9945 | D:8      | Found a white marble altar of Elyvilon.
 10042 | D:8      | Found Usez Hyh's Book Shoppe.
 10225 | D:8      | Found Loikap's Jewellery Shoppe.
 10233 | D:8      | Bought a +4 ring of slaying for 936 gold pieces
 10587 | D:9      | Found an opulent altar of Gozag.
 10711 | D:9      | Found a burning altar of Makhleb.
 10716 | D:9      | Found Leafus's Specific Store.
 10726 | D:9      | Found Keneliw's General Store.
 10779 | D:9      | Found a staircase to the Orcish Mines.
 11241 | D:10     | Entered Level 10 of the Dungeon
 11298 | D:10     | Received a gift from Okawaru
 11415 | D:10     | Noticed a manticore
 11420 | D:10     | Killed a manticore
 11421 | D:10     | Reached skill level 1 in Shapeshifting
 11641 | D:10     | Reached skill level 15 in Axes
 11661 | D:10     | Noticed a purple ugly thing
 11923 | D:10     | Killed a purple ugly thing
 12419 | D:11     | Noticed a cyclops
 12848 | D:11     | Killed a cyclops
 12849 | D:11     | Reached skill level 1 in Stealth
 13099 | D:11     | Gained mutation: You are dopey. (Int -2) [potion of
                  | mutation]
 13099 | D:11     | Gained mutation: Your system is resistant to poisons.
                  | (rPois) [potion of mutation]
 13113 | D:11     | Received a gift from Okawaru
 13126 | D:11     | Reached XP level 12. HP: 45/84 MP: 14/15
 13414 | D:11     | Reached skill level 5 in Dodging
 14177 | D:8      | Found a staircase to the Lair.
 14344 | Lair:1   | Entered Level 1 of the Lair of Beasts
 14663 | Lair:1   | Received a gift from Okawaru
 15092 | Lair:1   | Reached skill level 16 in Axes
 15529 | Lair:1   | Identified the +3 leather armour "Hauriy" {+Blink rPois rC+
                  | rN+ Dex-3}
 15911 | Lair:2   | Found a runed translucent gate.
 15911 | Lair:2   | Found a runed translucent gate.
 16291 | Lair:2   | Noticed a catoblepas
 16315 | Lair:2   | Reached skill level 17 in Axes
 16823 | Lair:2   | Found a runed translucent gate.
 16835 | Lair:2   | Noticed Fodor's ghost (journeyman MiFi)
 16835 | Lair:2   | Noticed Sovesh's ghost (journeyman OpCj)
 16939 | Lair:2   | Noticed a six-headed hydra
 17090 | Lair:2   | Received a gift from Okawaru
 17091 | Lair:2   | Reached XP level 13. HP: 89/90 MP: 16/16
 17389 | Lair:2   | Slain by a catoblepas

Illustrated notes

Levels and vault maps discovered:
D:1:      nagdon_arrival_double_spiral, layout_loops_corners
D:2:      layout_basic, serial_shops, shop, shop,
          nicolae_shop_tiny_real_fake_doors, minmay_quadrilaterals
D:3:      minmay_bubble_buster, layout_basic, general_overflow_altar,
          basic_ecumenical_altar, minmay_strange_pillars
D:4:      cheibrodos_fertilizer, layout_loops_ring, minmay_temple_entry_mist,
          gup_sewer_entry_bowl, minmay_manual_monolith
D:5:      layout_rooms
D:6:      layout_cave_pods, minivault_23, dk_rats_in_the_wall,
          uniq_blork_the_orc
D:7:      minmay_the_grid_triangle_9x9_rhombus_thin
          [minmay_the_grid_triangle_9x9_impossible_snake,
          minmay_the_grid_triangle_9x9_prize_schism,
          minmay_the_grid_triangle_9x9_thin_v,
          minmay_the_grid_triangle_9x9_alien], layout_loops_ring, uniq_duvessa,
          uniq_joseph
D:8:      layout_layer_cave, lemuel_coloured_pillars_altar, david_lair_generic,
          enter_bailey_2, serial_shops, shop, nicolae_shop_tiny_waterfront,
          nicolae_shop_gaudy_bauble, nicolae_take_the_stairs,
          serial_bayou_crossing
D:9:      layout_roguey, mainiacjoe_overflow_small_starburst,
          mainiacjoe_overflow_catwalk, orc_0_dummy, nicolae_specific_store
D:10:     minmay_ornate_pinched, layout_basic, serial_rivers,
          chequers_serial_rivers_small_a, chequers_serial_rivers_small_3,
          chequers_serial_rivers_small_b, chequers_serial_rivers_micro_e,
          chequers_serial_rivers_room_b, special_room [special_room_orc],
          minmay_joined_circles
D:11:     layout_roguey [special_room_bee]
D:12:     layout_long_grid
Temple:   regret_index_temple_chain_breaker
Lair:1:   layout_hall_layers, grunt_forest_small_clearing_treed
Lair:2:   layout_cave_pods, gammafunk_ghost_cemetery

Skill      XL: |  1  2  3  4  5  6  7  8  9 10 11 12 |
---------------+-------------------------------------+-----
Axes           | 3 4 5 6 8 9 11 13 15 17 | 17.7
Invocations    | 1 2 3 4 |  4.6
Fighting       | 5 6 7 8 9 |  9.1
Shields        | 4 5 6 |  6.1
Shapeshifting  | 2 |  2.3
Dodging        | 4 5 |  5.0
Stealth        | 1 2 |  2.2

Action                     |  1- 3 |  4- 6 |  7- 9 | 10-12 | 13-15 || total
---------------------------+-------+-------+-------+-------+-------++-------
  Melee: War axe           |    63 |   158 |   206 |    57 |       ||   484
         Constrict         |    17 |    30 |    43 |    55 |       ||   145
         Tentacles         |     7 |    29 |    63 |    84 |       ||   183
         Punch             |       |     2 |     3 |     8 |       ||    13
         Broad axe         |       |       |       |   360 |    11 ||   371
  Throw: Boomerang         |       |       |     7 |     2 |       ||     9
         Dart              |       |       |     7 |    11 |     1 ||    19
         Throwing net      |       |       |       |     2 |       ||     2
         Javelin           |       |       |       |    18 |       ||    18
   Cast: Ozocubu's Armour  |       |       |       |     1 |       ||     1
 Invoke: Heroism           |       |       |     3 |     5 |     1 ||     9
         Finesse           |       |       |       |     2 |       ||     2
  Evoke: Wand              |       |       |     3 |    13 |       ||    16
    Use: Scroll            |       |     6 |     2 |    14 |       ||    22
         Potion            |       |     1 |     1 |     3 |     1 ||     6
   Stab: Sleeping          |    12 |    11 |     1 |     9 |     1 ||    34
         Distracted        |       |     1 |       |       |       ||     1
         Paralysed         |       |       |       |     6 |       ||     6
         Invisible         |       |       |       |     4 |       ||     4
         Petrified         |       |       |       |     1 |       ||     1
 Armour: Skin              |    27 |    79 |   114 |   238 |    27 ||   485
  Dodge: Dodged            |    37 |   110 |   110 |   219 |    13 ||   489
  Block: Buckler           |     6 |    29 |    39 |   106 |     6 ||   186

Table legend: (Time is in decaauts)
 A = Elapsed time spent in this place.
 B = Non-inter-level travel time spent in this place.
 C = Inter-level travel time spent in this place.
 D = Time resting spent in this place.
 E = Time spent auto-exploring this place.
 F = Levels seen in this place.
 G = Mean time per level.
                   A        B        C        D        E       F      G
               +--------+--------+--------+--------+--------+-----+--------+
         Total |  17621 |  16763 |    858 |   5316 |   8258 |  17 | 1036.5 |
       Dungeon |  13402 |  12665 |    737 |   3736 |   6644 |  12 | 1116.8 |
        Temple |     30 |      1 |     29 |      0 |      0 |   1 |   30.0 |
          Lair |   3077 |   2985 |     92 |   1188 |   1338 |   2 | 1538.5 |
         Sewer |    142 |    142 |      0 |     15 |     52 |   1 |  142.0 |
        Bailey |    968 |    968 |      0 |    377 |    224 |   1 |  968.0 |
               +--------+--------+--------+--------+--------+-----+--------+

Top non-repeatable levels by time:
     D:8: 1907 daAuts
     D:4: 1858 daAuts
     D:6: 1597 daAuts
  Lair:1: 1574 daAuts
    D:11: 1508 daAuts
  Lair:2: 1502 daAuts
     D:7: 1198 daAuts
     D:9: 1150 daAuts
  Bailey: 968 daAuts
     D:1: 912 daAuts
     D:3: 903 daAuts
    D:10: 862 daAuts
     D:2: 862 daAuts
     D:5: 639 daAuts
   Sewer: 142 daAuts
